 Dungeon Crawl Stone Soup version 0.30-a0-219-gf2db51d15e (webtiles) character file.

Game seed: 14389459068934450557

277084 Ge0ff the Alchemist (level 19, -2/158 HPs)
             Began as a Purple Draconian Reaver on Oct 6, 2022.
             Was the Champion of Makhleb.
             Slain by an ironbound frostheart (22 damage)
             ... on level 1 of the Vaults.
             The game lasted 02:25:54 (52239 turns).

Ge0ff the Alchemist (Purple Draconian Reaver)      Turns: 52239, Time: 02:25:55

Health: -2/158     AC: 22    Str: 18    XL:     19   Next: 59%
Magic:  30/35      EV: 26    Int: 18    God:    Makhleb [******]
Gold:   1697       SH:  2    Dex: 10    Spells: 18/50 levels left

rFire   . . .      SeeInvis +      - Unarmed
rCold   . . .      Faith    .    (shield currently unavailable)
rNeg    + . .      Spirit   .    (body armour unavailable)
rPois   ∞          Reflect  .    (helmet currently unavailable)
rElec   +          Harm     .    (cloak currently unavailable)
rCorr   .          Rampage  .    (gloves currently unavailable)
Will    +++..                    (boots currently unavailable)
Stlth   ++........               D - macabre finger necklace {rN+}
HPRegen 0.46/turn                i - ring of the Octopus King {HP+2 AC+2 EV+2 SH+2 SInv, =R}
MPRegen 0.24/turn                t - +4 ring of protection {=R}
                                 k - +4 ring of evasion

@: storm-form, flying, unable to drink
A: cleaving, insubstantial, flying, (breathe power), AC +10, unfitting armour,
(cold-blooded), (antennae 1), low MP 1, strong-willed 1, inability to drink
after injury 1
}: 2/15 runes: decaying, gossamer
a: Blinkbolt, End Transformation, Renounce Religion, Minor Destruction, Lesser
Servant of Makhleb, Major Destruction, Greater Servant of Makhleb


You were on level 1 of the Vaults.
You worshipped Makhleb.
Makhleb was exalted by your worship.
You were a lightning-filled tempest!
You visited 8 branches of the dungeon, and saw 35 of its levels.
You also visited: Ice Cave.

You collected 4230 gold pieces.
You spent 2533 gold pieces at shops.

Inventory:

Missiles
 b - 5 silver javelins
 g - 2 throwing nets {=F}
 h - 8 javelins (quivered)
 v - 2 curare-tipped darts {=F}
Armour
 p - the +3 warlock's mirror (melded) {reflect}
   (You acquired it on level 2 of the Spider Nest)

   It can block and reflect piercing ranged attacks and magical attacks against
   the wielder's willpower.
 s - a +0 hat of stealth (melded)
 w - the +1 pair of gloves of the Yeti {rCorr}
   (You found it on level 9 of the Dungeon)

   rCorr:     It protects you from acid and corrosion.
 x - a +2 pair of boots (melded)
 G - the +1 pair of gloves "Hiuwejol" (melded) {rPois Slay+5}
   (You found it on level 4 of the Spider Nest)

   Slay:      It affects your accuracy & damage with ranged weapons and melee
   (+5).
   rPois:     It protects you from poison.
 Q - a +2 cloak (melded)
Jewellery
 a - the amulet "Butt" {Faith Str+6}
   (You took it off a deep elf archer on level 3 of the Elven Halls)

   [amulet of faith]

   It allows you to gain divine favour quickly.
   Str:       It affects your strength (+6).
 d - a ring of protection from cold
 i - a ring of the Octopus King (left fist) {HP+2 AC+2 EV+2 SH+2 SInv, =R}
   (You took it off a deep elf zephyrmancer on level 3 of the Elven Halls)

   [ring of see invisible]

   AC:        It affects your AC (+2).
   EV:        It affects your evasion (+2).
   HP:        It affects your health (+2).
   SInv:      It lets you see invisible.
   SH:        It affects your SH (+2).
 k - a +4 ring of evasion (on amulet)
 t - a +4 ring of protection (right fist) {=R}
 D - the macabre finger necklace (around neck) {rN+}
   (You found it on level 1 of the Elven Halls)

   [amulet of nothing]

   It enables you to equip an extra ring.
   rN:        It protects you from negative energy.
 I - the amulet of the Real Monster {Fragile rPois rC+ Regen+}
   (You took it off a deep elf blademaster on level 3 of the Elven Halls)

   [amulet of regeneration]

   rC:        It protects you from cold.
   rPois:     It protects you from poison.
   Regen:     It increases your rate of health regeneration.
   Fragile:   It will be destroyed if unequipped.
 Y - a ring of wizardry
Wands
 e - a wand of charming (29)
 f - a wand of flame (16)
 j - a wand of quicksilver (1)
 r - a wand of roots (4)
 P - a wand of polymorph (22)
Scrolls
 m - 6 scrolls of magic mapping
 y - a scroll of immolation
 B - 2 scrolls of blinking
 C - 5 scrolls of enchant armour
 E - 2 scrolls of fear
 F - 4 scrolls of fog
 J - a scroll of silence {!r}
 S - 3 scrolls of summoning
 T - 9 scrolls of teleportation
 V - 4 scrolls of vulnerability
Potions
 o - 2 potions of ambrosia
 q - 19 potions of curing
 u - 5 potions of mutation {!q}
 z - 3 potions of brilliance
 A - 8 potions of attraction
 H - 8 potions of haste {!q}
 K - 3 potions of magic {!q}
 L - 6 potions of lignification
 M - 8 potions of might
 N - 5 potions of cancellation {!q}
 R - 3 potions of resistance
 W - 8 potions of heal wounds {!q}
 X - 3 potions of flight
 Z - 3 potions of berserk rage {!q}
Miscellaneous
 c - a condenser vane
 l - a lightning rod (1/4)
 n - a phial of floods (inert)
 O - a box of beasts
 U - a phantom mirror


   Skills:
 + Level 10.9 Fighting
 - Level 6.0 Throwing
 + Level 7.2 Dodging
 - Level 3.0 Stealth
 + Level 5.3 Shields
 + Level 15.4 Unarmed Combat
 + Level 16.1 Spellcasting
 - Level 5.0 Conjurations
 + Level 2.3 Hexes
 + Level 5.4 Translocations
 + Level 18.7 Transmutations
 + Level 14.9 Air Magic
 + Level 7.8 Earth Magic
 + Level 11.6 Invocations
 + Level 3.6 Evocations


You had 18 spell levels left.
You knew the following spells:

 Your Spells              Type           Power      Damage    Failure   Level
a - Storm Form            Tmut/Air       33%        N/A       3%          7
c - Blink                 Tloc           68%        N/A       1%          2
d - Iskenderun's Mystic   Conj/Tloc      33%        2d8       4%          4
p - Passage of Golubria   Tloc           34%        N/A       4%          4
s - Statue Form           Tmut/Erth      38%        N/A       2%          6
y - Yara's Violent Unrav  Hex/Tmut       25%        3d11      1%          5
C - Manifold Assault      Tloc           34%        N/A       4%          4

Your spell library contained the following spells:

 Spells                   Type           Power      Damage    Failure   Level
 Beastly Appendage        Tmut           100%       N/A       0%          1
 Foxfire                  Conj/Fire      92%        2x1d8     1%          1
 Kiss of Death            Conj/Necr      92%        2d12      1%          1
 Magic Dart               Conj           100%       1d8       1%          1
 Sting                    Tmut/Pois      100%       1d8       1%          1
 Cigotuvi's Dreadful Rot  Necr/Pois/Air  64%        N/A       1%          2
 Momentum Strike          Conj/Tloc      66%        3d9       1%          2
 Searing Ray              Conj           64%        2d6       1%          2
 Gell's Gravitas          Tloc           34%        N/A       1%          3
 Lesser Beckoning         Tloc           68%        N/A       1%          3
 Spider Form              Tmut/Pois      48%        N/A       1%          3
 Stone Arrow              Conj/Erth      74%        3d11      1%          3
 Swiftness                Air            62%        N/A       1%          3
 Teleport Other           Tloc           34%        N/A       1%          3
 Petrify                  Tmut/Erth      58%        N/A       1%          4
 Dazzling Flash           Conj/Hex       54%        N/A       2%          3
 Silence                  Hex/Air        22%        N/A       3%          5
 Freeze                   Ice            56%        1d7       4%          1
 Ensorcelled Hibernation  Hex/Ice        36%        N/A       4%          2
 Confusing Touch          Hex            22%        N/A       4%          3
 Hailstorm                Conj/Ice       23%        3d7       4%          3
 Fulminant Prism          Conj/Hex       13%        3d9       10%         4
 Frozen Ramparts          Ice            28%        1d5       13%         3
 Eringya's Noxious Bog    Tmut/Pois      24%        N/A       14%         6
 Anguish                  Hex/Necr       9%         N/A       26%         4
 Summon Forest            Summ/Tloc      12%        N/A       36%         5
 Dispel Undead            Necr           14%        3d10      38%         4
 Fireball                 Conj/Fire      11%        3d7       38%         5
 Metabolic Englaciation   Hex/Ice        9%         N/A       58%         5
 Summon Mana Viper        Hex/Summ       18%        N/A       58%         5
 Starburst                Conj/Fire      11%        6d5       93%         6
 Summon Cactus Giant      Summ           7%         N/A       100%        6
 Haunt                    Necr/Summ      7%         N/A       100%        7
 Malign Gateway           Summ/Tloc      12%        N/A       100%        7
 Lehudib's Crystal Spear  Conj/Erth      18%        10d6      100%        8
 Summon Horrible Things   Summ           7%         N/A       100%        8
 Animate Armour           Summ/Erth      Unusable   N/A       N/A         4

Dungeon Overview and Level Annotations

Branches:
Dungeon (15/15) Zot: 23726  Temple (1/1) D:7 Zot: 5657    Lair (5/5) D:10 Zot: 21082
  Swamp (4/4) Lair:2 Zot: 18178  Spider (4/4) Lair:3 Zot: 16394   Slime (0/5) Lair:4
    Orc (2/2) D:12 Zot: 8683     Elf (3/3) Orc:2 Zot: 10446  Vaults (1/5) D:13 Zot: 5874
 Depths (0/4) D:15          IceCv (visited)

Altars:
Ashenzari
Cheibriados
Dithmenos
Elyvilon
Fedhas
Gozag
Hepliaklqana
Kikubaaqudgha
Makhleb
Nemelex Xobeh
Okawaru
Qazlal
Ru
Sif Muna
Trog
Uskayaw
Vehumet
Wu Jian
Xom
Yredelemnul
Zin
The Shining One
Jiyva
Lugonu

Shops:
D:2 [   D:10 *?*   D:13 *   D:15 (   Orc:1 *=   Orc:2 [([[=?[:   Elf:1 *

Portals:
Abyss: Lair:5
Trove: D:14 (give 7 potions of haste)

Annotations:
D:1 27 hexes
Spider:3 dig


Innate Abilities, Weirdness & Mutations

You are a lightning-filled tempest!
Your electrical attacks strike out in all directions at once.
You are incredibly evasive.
Your insubstantial body is immune to petrification, constriction, and being set on fire You are flying.
You are immune to poison.
Your armour is entirely melded.
You are incapable of wielding weapons or throwing items.
((You can breathe bolts of dispelling energy.))
((Your rich purple scales are hard. (AC +10)))
You cannot fit into any form of body armour.
((You are cold-blooded and may be slowed by cold attacks.))
((You have a pair of small antennae on your head.))
Your magical capacity is low. (-10% MP)
You are strong-willed. (Will+)
You occasionally lose the ability to drink potions when taking damage.


Message History

You are too injured to fight recklessly!
You are too injured to fight recklessly!
You batter the lindwurm!!
The lindwurm is heavily wounded.
You hit the lindwurm.
You buffet the great orb of eyes!
The great orb of eyes completely misses you.
The lindwurm misses you. The lindwurm completely misses you.
The lindwurm misses you. The lindwurm completely misses you. x3
You barely miss the ironbound frostheart.
You buffet the lindwurm!
You buffet the great orb of eyes!
You buffet the lindwurm!
You batter the ironbound frostheart!!
The ironbound frostheart is moderately wounded.
You buffet the lindwurm!
You kill the lindwurm!
Makhleb accepts your kill.
You feel better.
You hit the great orb of eyes but do no damage.
You batter the lindwurm!!
You kill the lindwurm!
Makhleb accepts your kill.
You feel better. The ironbound frostheart touches you.
The ironbound frostheart freezes you! The great orb of eyes misses you.
You barely miss the ironbound frostheart.
The ironbound frostheart is moderately wounded.
You buffet the great orb of eyes!
Lightning courses through the great orb of eyes!
You batter the lindwurm!! Lightning courses through the lindwurm!
You batter the lindwurm!! The lindwurm closely misses you.
The lindwurm claws you but does no damage.
The lindwurm completely misses you. The ironbound frostheart touches you!
The ironbound frostheart freezes you!!
You feel threatened and lose the ability to drink potions!
* * * LOW HITPOINT WARNING * * *
The great orb of eyes barely misses you.
The lindwurm completely misses you. The lindwurm misses you.
The lindwurm claws you.
* * * LOW HITPOINT WARNING * * *
You buffet the ironbound frostheart!
Lightning courses through the ironbound frostheart!
The ironbound frostheart is severely wounded.
You hit the great orb of eyes but do no damage.
You hit the lindwurm. Lightning courses through the lindwurm!
You kill the lindwurm!
Makhleb accepts your kill.
You feel better.
You batter the lindwurm!! The ironbound frostheart touches you!
* * * LOW HITPOINT WARNING * * *
The ironbound frostheart freezes you!!
You die...

........... ..........
.......... .........#########
.........#.......#
.........#.......#...#
......p†k#.......#...#
.......v.#.......#...#
......G.?#.......#...#
.........#.......#...#
.........###'#####...#
.....................#
########.....................###
#......#........................
#......#........................
#.∩....#........................


You could see a great orb of eyes, an ironbound frostheart and a lindwurm.

Vanquished Creatures
  Mara (Spider:4)
  Arachne (Spider:4)
  Jorgrun (D:13)
  3 deep elf blademasters
  2 deep elf master archers (Elf:3)
  Gastronok (D:8)
  Roxanne (Spider:1)
  3 fenstrider witches
  5 emperor scorpions
  An azure jelly (Swamp:4)
  3 deep elf sorcerers (Elf:3)
  Louise (Swamp:1)
  7 ghost moths
  3 deep elf elementalists
  An ironbound preserver (Vaults:1)
  3 broodmothers
  4 deep elf demonologists (Elf:3)
  3 eleionomae
  2 spark wasps (Spider:4)
  8 deep elf annihilators
  3 bunyips
  5 deep elf death magi (Elf:3)
  2 ettins
  3 deep elf high priests
  An entropy weaver (Spider:1)
  3 ice dragons (Swamp:4)
  8 hydras
  2 catoblepae (Lair:5)
  A spriggan air mage (Swamp:2)
  A ghost crab (Swamp:4)
  4 boulder beetles
  2 ogre magi (Orc:2)
  3 jorogumos
  4 centaur warriors
  8 two-headed ogres
  8 alligators
  A death scarab (Spider:3)
  33 dancing weapons
  2 radroaches
  4 tengu warriors
  Urug (Orc:2)
  4 thrashing horrors (Lair:5)
  2 orc high priests
  23 deep elf knights
  7 pharaoh ants
  2 sun moths
  7 deep trolls
  3 steelbarb worms
  4 goliath frogs
  The ghost of gabibbone the Carver, a novice BaRe of Vehumet (D:7)
  4 spriggan druids
  13 orb spiders
  3 swamp dragons
  8 lindwurms
  A spriggan simulacrum (IceCv)
  2 bog bodies
  26 deep elf pyromancers
  14 deep elf archers
  An orc knight (D:15)
  Pikel (D:5)
  A wizard (D:14)
  An orange crystal statue (IceCv)
  17 ugly things
  A large abomination (Lair:5)
  2 orc sorcerers
  31 deep elf zephyrmancers
  4 cyclopes
  4 manticores
  3 will-o-the-wisps
  18 wolf spiders
  4 moths of wrath
  2 ice statues (Swamp:1)
  3 elephants
  3 vault sentinels (Vaults:1)
  Joseph (D:7)
  5 black mambas
  2 smoke demons (Lair:5)
  7 torpor snails
  11 cane toads
  7 demonic crawlers
  An unseen horror (D:10)
  6 freezing wraiths
  A komodo dragon (shapeshifter) (Elf:3)
  8 komodo dragons
  3 rime drakes
  A tengu conjurer (D:13)
  A guardian mummy (D:14)
  3 ancient zymes (Lair:5)
  10 trolls
  An ice devil (IceCv)
  19 tarantellas
  5 hornets
  A tarantella (shapeshifter) (Lair:5)
  The ghost of Potemkin the Chopper, an amateur DsGl of Gozag (D:4)
  3 meliai (Spider:2)
  3 polar bears
  A blink frog (shapeshifter) (Lair:5)
  13 slime creatures
  10 tyrant leeches
  3 dream sheep
  9 blink frogs
  5 water elementals
  40 jumping spiders
  6 air elementals
  24 culicivoras
  A shapeshifter (D:13)
  6 spriggans
  9 wraiths
  40 yaks
  2 ynoxinuls (Lair:5)
  5 wyverns
  4 fire elementals
  A basilisk (shapeshifter) (Elf:3)
  A hog (shapeshifter) (D:15)
  15 humans
  21 vampire mosquitoes
  A death yak simulacrum (Lair:2)
  4 basilisks
  6 wargs
  3 swamp worm simulacra (Swamp:4)
  A chaos spawn (Lair:5)
  Menkaure (D:7)
  A steam dragon (D:7)
  44 redbacks
  22 swamp worms
  15 hydra simulacra (Swamp:4)
  4 acid dragons (D:10)
  13 water moccasins
  10 small abominations (Lair:5)
  20 orc warriors
  A black bear (D:4)
  4 swamp drakes
  A sky beast (D:7)
  2 ice beasts
  20 wolves
  25 ogres
  5 boggarts (D:14)
  3 lemures (D:5)
  11 centaurs
  A phantom (D:4)
  2 kobold brigands
  7 bullfrogs
  A necrophage (D:6)
  An earth elemental (Elf:1)
  A two-headed ogre simulacrum (Lair:2)
  A cane toad simulacrum (Lair:2)
  An entropy weaver simulacrum (Lair:2)
  A deep troll simulacrum (IceCv)
  4 scorpions
  7 wights
  An elephant simulacrum (Lair:2)
  2 electric eels (Lair:2)
  8 howler monkeys
  5 jellies
  A gnoll bouda (D:6)
  5 hounds
  17 orc priests
  5 iguanas
  9 orc wizards
  Natasha (thrice) (D:2)
  2 polar bear simulacra (Lair:2)
  A troll simulacrum (Lair:2)
  11 gnolls
  7 adders
  A river rat (Lair:1)
  3 shadow imps
  2 white imps (Lair:2)
  5 swamp drake simulacra (Swamp:4)
  2 worms
  62 orcs
  6 endoplasms
  2 giant cockroaches
  12 goblins
  6 hobgoblins
  15 kobolds
  3 quokkas
  8 ball pythons
  2 bats
  7 rats
1146 creatures vanquished.

Vanquished Creatures (collateral kills)
  An orc warlord (Orc:1)
  Josephine (D:10)
  4 two-headed ogres
  5 skeletal warriors (D:11)
  2 wizards (D:15)
  An orc knight (Orc:1)
  2 ugly things (D:15)
  A cyclops (Orc:2)
  3 elephants (Lair:2)
  A black mamba (Lair:2)
  A smoke demon (Lair:5)
  A komodo dragon (D:12)
  A cane toad (Lair:5)
  An efreet (D:13)
  2 trolls
  7 slime creatures
  6 blink frogs (Lair:5)
  2 basilisks
  A human (D:13)
  2 wyverns
  A vampire mosquito (Lair:3)
  An acid dragon (D:11)
  4 orc warriors
  3 ogres
  7 wolves
  A bullfrog (Lair:2)
  A small abomination (Lair:5)
  A howler monkey (D:11)
  An orc priest (Orc:2)
  An orc wizard (D:8)
  4 orcs
70 creatures vanquished.

Vanquished Creatures (others)
  A deep elf archer (Elf:3)
  An efreet (D:15)
  A yak (Lair:3)
  A fire elemental (Elf:3)
  2 bushes (D:15)
  8 foxfires
  45 fungi
  45 plants
104 creatures vanquished.

Grand Total: 1320 creatures vanquished

Notes
Turn   | Place    | Note
-------+----------+-------------------------------------------
     0 | D:1      | Ge0ff the Draconian Reaver began the quest for the Orb.
     0 | D:1      | Reached XP level 1. HP: 17/17 MP: 3/3
   186 | D:1      | Reached skill level 1 in Stealth
   267 | D:1      | Found a faded altar of an unknown god.
   308 | D:1      | Prayed at the altar of an unknown god.
   308 | D:1      | Became a worshipper of Makhleb the Destroyer
   308 | D:1      | Reached * piety under Makhleb
   326 | D:1      | Reached XP level 2. HP: 24/24 MP: 5/5
   845 | D:2      | Reached XP level 3. HP: 19/29 MP: 6/6
  1010 | D:2      | Noticed Natasha
  1174 | D:2      | Found Esyarirph's Antique Armour Shop.
  1182 | D:2      | Bought a cloak for 99 gold pieces
  1641 | D:2      | Reached XP level 4. HP: 25/37 MP: 7/7
  2253 | D:4      | Reached ** piety under Makhleb
  2378 | D:4      | Noticed a black bear
  2392 | D:4      | Reached XP level 5. HP: 45/45 MP: 8/8
  2406 | D:4      | Killed a black bear
  2407 | D:4      | Reached skill level 5 in Unarmed Combat
  2469 | D:4      | Noticed a phantom
  2492 | D:4      | Killed a phantom
  2493 | D:4      | Reached skill level 1 in Throwing
  2493 | D:4      | Reached XP level 6. HP: 43/51 MP: 9/9
  2934 | D:4      | Found a runed translucent gate.
  2935 | D:4      | Found a runed translucent gate.
  2935 | D:4      | Identified the +5 short sword of Duty {venom, rElec rN+++
                  | Int-2 Stlth+}
  2935 | D:4      | Noticed Potemkin's ghost (amateur DsGl)
  2936 | D:4      | Found a runed translucent gate.
  3293 | D:5      | Entered Level 5 of the Dungeon
  3610 | D:5      | Noticed a +0 spear
  3675 | D:5      | Noticed a +0 short sword
  3687 | D:5      | Noticed a +0 spear
  3687 | D:5      | Noticed a +0 falchion
  3690 | D:5      | Noticed Pikel
  3977 | D:5      | Killed Pikel
  3978 | D:5      | Your scales start taking on a rich purple colour.
  3978 | D:5      | Reached XP level 7. HP: 49/59 MP: 10/10
  4027 | D:5      | Found a hide-covered altar of Uskayaw.
  4027 | D:5      | Noticed a +0 short sword
  4027 | D:5      | Noticed a +0 dagger
  4033 | D:5      | Noticed a +0 falchion
  4034 | D:5      | Noticed a +0 dagger
  4116 | D:5      | Reached XP level 8. HP: 58/66 MP: 9/11
  4306 | D:2      | Killed Natasha
  4306 | D:2      | Reached *** piety under Makhleb
  4363 | D:2      | Noticed Natasha
  4371 | D:2      | Killed Natasha
  4412 | D:2      | Found Esyarirph's Antique Armour Shop.
  4535 | D:2      | Noticed Natasha
  4544 | D:2      | Killed Natasha
  4926 | D:6      | Reached skill level 5 in Throwing
  5400 | D:6      | Reached XP level 9. HP: 64/72 MP: 12/12
  5653 | D:7      | Found a large runed translucent door.
  5653 | D:7      | Found a large runed translucent door.
  5654 | D:7      | Noticed gabibbone's ghost (novice BaRe)
  5655 | D:7      | Noticed Joseph
  5854 | D:7      | Reached skill level 5 in Fighting
  5854 | D:7      | Reached skill level 5 in Invocations
  5988 | D:7      | Found a staircase to the Ecumenical Temple.
  5998 | Temple   | Entered the Ecumenical Temple
  6361 | D:7      | Noticed Menkaure
  6372 | D:7      | Killed Menkaure
  6540 | D:7      | Killed Joseph
  7175 | D:8      | Noticed Gastronok
  7527 | D:8      | Reached skill level 1 in Evocations
  7719 | D:7      | Reached XP level 10. HP: 52/84 MP: 9/13
  8081 | D:8      | Killed Gastronok
  8082 | D:8      | Reached skill level 10 in Unarmed Combat
  8414 | D:9      | Found a stormy altar of Qazlal.
  8501 | D:9      | Noticed a two-headed ogre
  8623 | D:9      | Reached **** piety under Makhleb
  8755 | D:9      | Killed a two-headed ogre
  9078 | D:9      | Identified the +1 pair of gloves of the Yeti {rCorr}
  9468 | D:10     | Entered Level 10 of the Dungeon
  9468 | D:10     | Noticed Josephine
  9718 | D:4      | Killed Potemkin's ghost
  9719 | D:4      | Reached XP level 11. HP: 76/94 MP: 16/16
  9955 | D:10     | Found Aqam's General Store.
 10118 | D:10     | Found a transporter.
 10141 | D:10     | Reached skill level 5 in Dodging
 10151 | D:10     | Found a transporter.
 10178 | D:10     | Found Ybivecs's Assorted Antiques.
 10186 | D:10     | Bought a cyan potion for 26 gold pieces
 10186 | D:10     | Bought a lumpy golden potion for 26 gold pieces
 10186 | D:10     | Bought a scroll of identify for 58 gold pieces
 10284 | D:10     | Found a staircase to the Lair.
 10451 | D:10     | Killed Josephine
 10558 | D:10     | Found Sellyzav's Magic Scroll Boutique.
 10763 | D:10     | Bought a scroll of identify for 30 gold pieces
 10763 | D:10     | Bought a scroll of identify for 30 gold pieces
 10763 | D:10     | Bought a scroll of identify for 30 gold pieces
 10763 | D:10     | Bought a scroll of poison for 60 gold pieces
 10763 | D:10     | Bought a scroll of immolation for 60 gold pieces
 11222 | D:11     | Noticed a two-headed ogre
 11236 | D:11     | Killed a two-headed ogre
 11306 | D:11     | Noticed a centaur warrior
 11309 | D:11     | Killed a centaur warrior
 11392 | D:11     | Learned a level 2 spell: Blink
 11400 | D:11     | Learned a level 7 spell: Storm Form
 11404 | D:11     | Noticed a skeletal warrior
 11404 | D:11     | Noticed a skeletal warrior
 11455 | D:11     | Killed a skeletal warrior
 11624 | D:11     | Noticed a skeletal warrior
 11642 | D:11     | Killed a skeletal warrior
 11742 | D:11     | Noticed a skeletal warrior
 11742 | D:11     | Noticed a skeletal warrior
 11759 | D:11     | Killed a skeletal warrior
 11768 | D:11     | Killed a skeletal warrior
 11851 | D:11     | Killed a skeletal warrior
 11852 | D:11     | Reached XP level 12. HP: 66/105 MP: 10/18
 12291 | D:11     | Identified the +0 leather armour of the Abyss {Rampage rC-
                  | rN+ Slay+4}
 12407 | Lair:1   | Entered Level 1 of the Lair of Beasts
 12520 | Lair:1   | Reached skill level 1 in Transmutations
 12551 | Lair:1   | Reached skill level 1 in Air Magic
 12759 | Lair:1   | Noticed Sonja
 12767 | Lair:1   | Sonja changed into Sonja the river rat
 12767 | Lair:1   | Noticed Sonja
 12770 | Lair:1   | Killed Sonja the river rat
 13105 | Lair:1   | You fall into a shaft and drop 1 floor!
 13116 | Lair:2   | Reached skill level 10 in Fighting
 13116 | Lair:2   | Reached skill level 2 in Transmutations
 14016 | Lair:2   | Found a staircase to the Swamp.
 14043 | Lair:2   | Reached skill level 3 in Transmutations
 14320 | Lair:2   | Reached skill level 5 in Spellcasting
 14329 | Lair:2   | Reached skill level 4 in Transmutations
 14878 | Lair:2   | Identified the +7 flail of Ymuetuij {freeze, rElec Str+3
                  | Stlth-}
 15251 | Lair:2   | Reached XP level 13. HP: 113/113 MP: 21/21
 15594 | Lair:3   | Found a hole to the Spider Nest.
 15688 | Lair:3   | Reached skill level 5 in Transmutations
 15702 | Lair:3   | Reached skill level 10 in Invocations
 15893 | Lair:3   | Reached ***** piety under Makhleb
 17103 | Lair:3   | Reached skill level 6 in Transmutations
 18080 | Lair:4   | Found a viscous altar of Jiyva.
 18080 | Lair:4   | Found a staircase to the Slime Pits.
 18257 | Lair:5   | Entered Level 5 of the Lair of Beasts
 18405 | Lair:5   | Reached skill level 7 in Transmutations
 18681 | Lair:5   | Identified the +8 plate armour of Ymail {Drain rPois Int+2}
 19033 | Lair:5   | Reached XP level 14. HP: 121/121 MP: 25/27
 19360 | Lair:5   | Reached skill level 8 in Transmutations
 20269 | Lair:5   | Found a corrupted altar of Lugonu.
 20269 | Lair:5   | Found a one-way gate to the infinite horrors of the Abyss.
 20274 | Lair:5   | Identified the +3 arbalest of Karma {venom, Str+5 Dex+2}
 21036 | D:7      | Killed gabibbone's ghost
 21224 | D:12     | Found a staircase to the Orcish Mines.
 21304 | D:12     | Reached skill level 1 in Translocations
 21310 | D:12     | Reached skill level 10 in Spellcasting
 21310 | D:12     | Reached skill level 9 in Transmutations
 21961 | D:12     | Found a blossoming altar of Fedhas.
 22378 | Orc:1    | Entered Level 1 of the Orcish Mines
 22605 | Orc:1    | Found Puaxonau's Mass Market.
 22856 | Orc:2    | Entered Level 2 of the Orcish Mines
 22912 | Orc:2    | Gained mutation: You are occasionally teleported next to
                  | monsters. [a neqoxec]
 22914 | Orc:1    | Lost mutation: You are occasionally teleported next to
                  | monsters. [potion of mutation]
 22914 | Orc:1    | Gained mutation: Your magical capacity is low. (-10% MP)
                  | [potion of mutation]
 22914 | Orc:1    | Gained mutation: You occasionally lose the ability to drink
                  | potions when taking damage. [potion of mutation]
 22914 | Orc:1    | Gained mutation: You have a pair of small antennae on your
                  | head. [potion of mutation]
 22914 | Orc:1    | Gained mutation: You are strong-willed. (Will+) [potion of
                  | mutation]
 23249 | Orc:2    | Found Konoetut's Armour Shoppe.
 23377 | Orc:2    | Found a staircase to the Elven Halls.
 23396 | Orc:2    | Noticed Urug
 23432 | Orc:2    | Killed Urug
 23587 | Orc:2    | Found Xot Ohes's Antique Armour Boutique.
 23654 | Orc:1    | Found Bumeo's Jewellery Emporium.
 23774 | Orc:1    | Noticed an orc warlord
 24004 | Orc:2    | Found Ywninig's Book Boutique.
 24138 | Orc:2    | Found Vowomn's Magic Scroll Boutique.
 24197 | Orc:2    | Found Dac Ufor's Armour Emporium.
 24216 | Orc:2    | Reached skill level 10 in Transmutations
 24606 | Orc:1    | Killed an orc warlord
 24871 | Orc:2    | Reached skill level 15 in Unarmed Combat
 25068 | Orc:2    | Reached XP level 15. HP: 86/126 MP: 15/26
 25277 | Orc:2    | Found Gizaon's Antique Weapon Shoppe.
 25278 | Orc:2    | Found Caureire's Jewellery Boutique.
 25288 | Orc:2    | Found Usap's Armour Shoppe.
 25296 | Orc:2    | Bought the +1 pair of gloves "Ilaetwoapn" {Will+ Str+3} for
                  | 369 gold pieces
 25598 | Orc:2    | Bought a manual of Transmutations for 1120 gold pieces
 25669 | D:13     | Found a gate to the Vaults.
 25740 | D:14     | Got Imubb's Lectures on Allies
 25830 | D:14     | Reached skill level 11 in Transmutations
 25939 | D:14     | Reached ****** piety under Makhleb
 25988 | D:14     | Found a portal to a secret trove of treasure.
 26343 | D:14     | Reached skill level 12 in Transmutations
 26655 | D:14     | Reached skill level 5 in Air Magic
 26963 | D:15     | Entered Level 15 of the Dungeon
 26973 | D:15     | Found Zolonesu's Weapon Boutique.
 27104 | D:15     | Reached skill level 13 in Transmutations
 27554 | D:15     | Found a staircase to the Depths.
 28652 | D:13     | Reached skill level 14 in Transmutations
 28695 | D:13     | Found Locuty's Assorted Antiques.
 29120 | D:13     | Bought a potion of lignification for 75 gold pieces
 29120 | D:13     | Bought a scroll of fog for 100 gold pieces
 29120 | D:13     | Bought a scroll of magic mapping for 187 gold pieces
 29255 | D:13     | You fall into a shaft and drop 2 floors!
 29404 | D:13     | Noticed Jorgrun
 29424 | D:13     | Killed Jorgrun
 29945 | Swamp:1  | Entered Level 1 of the Swamp
 29945 | Swamp:1  | Noticed a fenstrider witch
 29953 | Swamp:1  | Killed a fenstrider witch
 30041 | Swamp:1  | Found a frozen archway.
 30078 | IceCv    | Entered an ice cave
 30130 | Swamp:1  | Reached XP level 16. HP: 34/134 MP: 5/29
 30403 | Swamp:1  | Reached skill level 15 in Transmutations
 30661 | Swamp:1  | Learned a level 4 spell: Manifold Assault
 30723 | Swamp:1  | Noticed Louise
 30729 | Swamp:1  | Killed Louise
 31404 | Swamp:2  | You are sucked into a shaft and drop 1 floor!
 32757 | Swamp:3  | Reached skill level 16 in Transmutations
 33354 | Swamp:4  | Entered Level 4 of the Swamp
 33429 | Swamp:4  | Reached skill level 10 in Air Magic
 35628 | Swamp:4  | Got a decaying rune of Zot
 35808 | Spider:1 | Entered Level 1 of the Spider Nest
 36515 | Spider:1 | Reached XP level 17. HP: 140/140 MP: 23/31
 36578 | Spider:1 | Identified the +4 trident "Xeneamn" {spect, rC++ Dex+2}
 36913 | Spider:1 | Identified the +4 ring mail of the Dice {Contam rF+ rC+}
 37008 | Spider:1 | Reached skill level 5 in Translocations
 37076 | Spider:1 | Reached skill level 17 in Transmutations
 37257 | Spider:1 | Identified Roxanne's Precepts of Shaping
 37257 | Spider:1 | Noticed Roxanne
 37304 | Spider:1 | Killed Roxanne
 37314 | Spider:1 | Learned a level 6 spell: Statue Form
 37497 | Spider:1 | Reached skill level 1 in Earth Magic
 37742 | Spider:2 | Reached skill level 1 in Shields
 37774 | Spider:2 | Identified a scroll of acquirement
 37776 | Spider:2 | Acquired the +3 warlock's mirror {reflect}
 37776 | Spider:2 | Found the +3 warlock's mirror {reflect}
 39362 | Spider:3 | Reached skill level 1 in Hexes
 39817 | Spider:3 | Identified the +1 leather armour "Nojiej" {-Tele Harm
                  | Str+4}
 39828 | Spider:3 | Learned a level 5 spell: Yara's Violent Unravelling
 40360 | Spider:4 | Entered Level 4 of the Spider Nest
 40424 | Spider:4 | Noticed Mara
 40452 | Spider:4 | Noticed Ge0ff's illusion
 40466 | Spider:4 | Killed Mara
 40467 | Spider:4 | Reached skill level 5 in Earth Magic
 41213 | Spider:4 | Noticed Arachne
 41254 | Spider:4 | Killed Arachne
 41612 | Spider:4 | Reached XP level 18. HP: 78/148 MP: 1/33
 41904 | Spider:4 | Got a gossamer rune of Zot
 42144 | Spider:4 | Identified the +1 pair of gloves "Hiuwejol" {rPois Slay+5}
 43757 | Spider:4 | Learned a level 4 spell: Passage of Golubria
 44373 | Elf:1    | Entered Level 1 of the Elven Halls
 44376 | Elf:1    | Paralysed by an air elemental for 1 turns
 44490 | Elf:1    | Paralysed by an air elemental for 1 turns
 44667 | Elf:1    | Found Pedojuo's General Store.
 44701 | Elf:1    | Bought 2 scrolls of fog for 136 gold pieces
 44701 | Elf:1    | Bought a scroll of magic mapping for 127 gold pieces
 45273 | Elf:1    | Reached skill level 5 in Shields
 45443 | Elf:1    | Reached skill level 15 in Spellcasting
 46183 | Elf:1    | Learned a level 4 spell: Iskenderun's Mystic Blast
 46271 | Elf:1    | Found the macabre finger necklace {rN+}
 46552 | Elf:2    | Identified the +9 plate armour of Qub Hiam {rElec rC- Dex+4
                  | SInv}
 46584 | Elf:2    | Reached skill level 18 in Transmutations
 47244 | Elf:2    | Identified the +7 war axe "Zadyhur" {drain, Fragile Will++
                  | Str+3}
 47351 | Elf:2    | Found a runed translucent gate.
 47352 | Elf:2    | Found a runed translucent gate.
 47352 | Elf:2    | Found a runed translucent gate.
 49324 | Elf:3    | Entered Level 3 of the Elven Halls
 49340 | Elf:3    | Reached XP level 19. HP: 156/156 MP: 11/34
 49953 | Elf:3    | Found the ring of the Octopus King {HP+2 AC+2 EV+2 SH+2
                  | SInv}
 49958 | Elf:3    | Identified the +6 longbow of World's End {flame, rElec rN+}
 49958 | Elf:3    | Identified the amulet "Butt" {Faith Str+6}
 49959 | Elf:3    | Identified the +2 great mace of Plunder {flame, +Blink rF+
                  | rN+ Int-2}
 49959 | Elf:3    | Identified the ring of Gepan {rPois Int+4}
 50862 | Elf:3    | Identified the +1 rapier "Diockil" {vorpal, Int+6}
 51121 | Elf:3    | Got the Atlas of the Wind and the Assassin
 51145 | Elf:3    | Identified the +5 quarterstaff "Tautomyfiwo" {vorpal, rElec
                  | Int+2}
 51384 | Elf:3    | Identified the +2 pair of boots "Dosh" {+Inv Will- Dex+4}
 51614 | Elf:3    | Identified the amulet of the Real Monster {Fragile rPois
                  | rC+ Regen+}
 51637 | Elf:3    | Reached skill level 5 in Conjurations
 52105 | Vaults:1 | Entered Level 1 of the Vaults
 52239 | Vaults:1 | Slain by an ironbound frostheart

Illustrated notes

Levels and vault maps discovered:
D:1:      minmay_arrival_jagged, layout_basic, hellmonk_ecumenical_altar_run_dry
D:2:      layout_rooms, serial_shops, shop_statue, uniq_natasha
D:3:      layout_basic, dk_noncrumbling_3
D:4:      minmay_diamond_boxcup, layout_loops_cross, biasface_ghost_orc_armoury,
          grunt_ministairs_10
D:5:      layout_basic, nicolae_uskayaw_en_pointe, serial_bayou_pond_b,
          minmay_statues_item, uniq_pikel
D:6:      layout_rooms
D:7:      layout_basic, minmay_temple_entry_crystal_x,
          ebering_ghost_disaster_area, uniq_menkaure, uniq_joseph
D:8:      layout_basic, uniq_gastronok
D:9:      layout_roguey, grunt_qazlal_sundering, nicolae_eternal_life
D:10:     gammafunk_cloud_chamber, layout_cave_pools, erik_lair_orcish_takeover,
          serial_shops, nicolae_shop_statue_plus, nicolae_shop_advertising_works
          [nicolae_subvault_shop_adworks], shop, uniq_josephine
D:11:     layout_cave_pods
D:12:     layout_layer_cave, david_orc_2, fedhas_altar_2
D:13:     layout_cross, david_vaults_3, serial_shops, shop, uniq_jorgrun
D:14:     layout_irregular_city, nicolae_trove_entry_path_of_doom
D:15:     hangedman_depths_entry_civil_slaughter, layout_loops_corners,
          serial_shops, shop, serial_park_paths [serial_park_minivault_5x5_7]
Temple:   mainiacjoe_temple_cubbyholes
Lair:1:   layout_cave_pods, serial_forest, infiniplex_forest_clump_small,
          infiniplex_forest_clump_diagonal, infiniplex_forest_lined_corner,
          infiniplex_forest_lined_room_, infiniplex_forest_straight_3,
          infiniplex_forest_clump_diagonal, infiniplex_forest_clump_tiny,
          minmay_shattered_shrine, lemuel_fruit_tree, uniq_sonja
Lair:2:   dreamdust_isle_of_ice, layout_hall_layers, swamp_mist_pool
Lair:3:   onia_ninara_swampy_vault, layout_regular_city,
          hellmonk_spider_entry_life_and_decay, dreamdust_mushroom_princess,
          infiniplex_staircase_pool
Lair:4:   layout_roguey, dpeg_slime_entry_corner
Lair:5:   hellmonk_lair_end_abyssal_woods, layout_gridlike, nzn_sisyphean_effort
Swamp:1:  layout_falls_marsh, portal_ice_cave_entry_ice_statue_two,
          evilmike_swamp_ruin_house_5, uniq_louise
Swamp:2:  layout_basic_swamp, evilmike_swamp_ruin_house_6
Swamp:3:  layout_basic_swamp, evilmike_swamp_ruin_house_1,
          hangedman_swamp_lotus, swamp_pool3
Swamp:4:  swamp_icy, layout_basic_swamp
Spider:1: layout_spider_delve, uniq_roxanne
Spider:2: layout_spider_delve
Spider:3: layout_spider_delve, spiders_nest_hornet_nest
Spider:4: johnstein_spider_rune_arachne_lair, uniq_mara
Orc:1:    layout_diamond_mine, serial_shops, nicolae_square_shop,
          minmay_shop_mass, nicolae_orc_damp_corner
Orc:2:    st_orc_open, layout_caves, basic_altar, serial_shops,
          nicolae_shop_temple_entry_statues_fountains, nicolae_lakefront_shop,
          nicolae_shop_statue_plus, nicolae_square_shop, kennysheep_orc_chapel,
          uniq_urug
Elf:1:    nicolae_elf_arrival_aired_out, layout_loops_cross, evilmike_minifort,
          kennysheep_underground_church, minmay_shop_star
Elf:2:    nicolae_elf_blades_crystal_corner, layout_rooms
Elf:3:    grunt_elf_hall_spiral, layout_gridlike
Vaults:1: nicolae_vaults_circle_grid_b, v_pattern_1, vaults_room_door_ring,
          vaults_mumra_minichess, v_alt_pattern_2, dpeg_vaults_hating_casters,
          nicolae_vaults_three_branches, vaults_standard_mumra_lines,
          hangedman_vaults_hat, vaults_room_semicircle,
          ontoclasm_vaults_decontamination, layout_vaults_big_room,
          serial_shops, nicolae_lakefront_shop

Skill      XL: |  1  2  3  4  5  6  7  8  9 10 11 12 13 14 15 16 17 18 19 |
---------------+----------------------------------------------------------+-----
Stealth        | 1 2 3 |  3.0
Unarmed Combat | 4 5 6 7 9 11 13 14 15 | 15.4
Dodging        | 2 3 4 5 6 7 |  7.2
Fighting       | 3 4 6 7 9 10 | 10.9
Invocations    | 3 4 5 6 8 9 10 11 | 11.6
Throwing       | 1 3 4 5 6 |  6.0
Evocations     | 1 3 |  3.6
Transmutations | 4 7 10 14 16 17 18 | 18.7
Air Magic      | 1 3 7 11 12 13 14 | 14.9
Spellcasting   | 5 9 10 12 13 14 15 16 | 16.1
Translocations | 3 4 5 |  5.4
Earth Magic    | 6 7 |  7.8
Shields        | 4 5 |  5.3
Hexes          | 1 2 |  2.3
Conjurations   | 5 |  5.0

Action                   |  1- 3 |  4- 6 |  7- 9 | 10-12 | 13-15 | 16-18 | 19-21 || total
-------------------------+-------+-------+-------+-------+-------+-------+-------++-------
Melee: Unarmed           |    90 |   190 |   215 |   456 |  1479 |  1336 |   208 ||  3974
       Tailslap          |     8 |    26 |    29 |    74 |   267 |    25 |     2 ||   431
       Punch             |     2 |     6 |    10 |    40 |   151 |    87 |    14 ||   310
 Fire: Sling             |    72 |    11 |    12 |       |       |       |       ||    95
Throw: Stone             |     2 |    25 |       |     1 |    98 |       |       ||   126
       Boomerang         |       |    12 |    46 |   226 |   253 |       |       ||   537
       Dart              |       |     1 |     1 |     5 |   209 |     2 |       ||   218
       Javelin           |       |       |       |       |     6 |     3 |       ||     9
       Throwing net      |       |       |       |       |     5 |       |       ||     5
 Cast: Storm Form        |       |       |       |       |     3 |    94 |    17 ||   114
       Manifold Assault  |       |       |       |       |       |   338 |    45 ||   383
       Statue Form       |       |       |       |       |       |    15 |     1 ||    16
       Passage of Golubr |       |       |       |       |       |    10 |       ||    10
       Yara's Violent Un |       |       |       |       |       |     2 |     7 ||     9
Invok: Minor Destruction |       |     5 |    36 |    31 |    26 |     8 |       ||   106
       Lesser Servant of |       |       |     2 |    19 |    23 |     1 |       ||    45
       Greater Servant o |       |       |       |       |     1 |       |       ||     1
 Abil: Breathe Dispellin |       |       |    14 |    11 |     8 |       |       ||    33
       Blinkbolt         |       |       |       |       |       |    17 |     3 ||    20
       End Transformatio |       |       |       |       |       |     2 |       ||     2
Evoke: Wand              |       |       |       |     4 |    25 |    17 |       ||    46
       Phial of floods   |       |       |       |       |     4 |     5 |     2 ||    11
       Box of beasts     |       |       |       |       |     2 |     1 |       ||     3
       Phantom mirror    |       |       |       |       |       |     3 |     1 ||     4
       Lightning rod     |       |       |       |       |       |       |     4 ||     4
       Condenser vane    |       |       |       |       |       |       |     1 ||     1
  Use: Scroll            |     2 |     7 |     6 |    18 |    10 |     5 |     1 ||    49
       Potion            |       |     1 |       |     2 |     9 |     3 |       ||    15
 Stab: Sleeping          |       |     2 |     1 |     4 |     2 |     1 |       ||    10
       Distracted        |       |       |     1 |     4 |    14 |     1 |       ||    20
       Petrified         |       |       |       |       |     4 |       |       ||     4
       Confused          |       |       |       |       |     1 |     1 |       ||     2
       Held in net/web   |       |       |       |       |     2 |       |       ||     2
       Invisible         |       |       |       |       |     5 |     2 |       ||     7
       Fleeing           |       |       |       |       |     1 |       |       ||     1
Armor: Skin              |    28 |    63 |    91 |   167 |   440 |   436 |    50 ||  1275
Dodge: Dodged            |    55 |    86 |   112 |   314 |   934 |   693 |   158 ||  2352
Block: Buckler           |       |       |       |       |       |    43 |    23 ||    66
       Reflection        |       |       |       |       |       |     5 |     1 ||     6
       Other             |       |       |       |       |       |       |     3 ||     3

Table legend: (Time is in decaauts)
 A = Elapsed time spent in this place.
 B = Non-inter-level travel time spent in this place.
 C = Inter-level travel time spent in this place.
 D = Time resting spent in this place.
 E = Time spent auto-exploring this place.
 F = Levels seen in this place.
 G = Mean time per level.
                   A        B        C        D        E       F      G
               +--------+--------+--------+--------+--------+-----+--------+
         Total |  51897 |  48805 |   3092 |   4625 |  33861 |  36 | 1441.6 |
       Dungeon |  18174 |  16333 |   1841 |   1434 |  10984 |  15 | 1211.6 |
        Temple |    342 |    289 |     53 |      0 |    286 |   1 |  342.0 |
          Lair |   8917 |   8590 |    327 |    550 |   6234 |   5 | 1783.4 |
         Swamp |   5821 |   5688 |    133 |    969 |   3744 |   4 | 1455.2 |
   Spider Nest |   7606 |   7386 |    220 |    261 |   5681 |   4 | 1901.5 |
  Orcish Mines |   3317 |   3034 |    283 |    352 |   1865 |   2 | 1658.5 |
   Elven Halls |   7554 |   7322 |    232 |   1057 |   4991 |   3 | 2518.0 |
        Vaults |    125 |    125 |      0 |      0 |     75 |   1 |  125.0 |
      Ice Cave |     39 |     39 |      0 |      0 |      0 |   1 |   39.0 |
               +--------+--------+--------+--------+--------+-----+--------+

Top non-repeatable levels by time:
Spider:4: 3421 daAuts
   Elf:2: 3039 daAuts
   Elf:3: 2478 daAuts
  Lair:5: 2340 daAuts
 Swamp:4: 2235 daAuts
  Lair:3: 2185 daAuts
   Elf:1: 2036 daAuts
  Lair:2: 2006 daAuts
   Orc:2: 1808 daAuts
    D:15: 1647 daAuts
     D:7: 1570 daAuts
  Lair:1: 1543 daAuts
Spider:2: 1518 daAuts
   Orc:1: 1509 daAuts
    D:14: 1438 daAuts
